 Dungeon Crawl Stone Soup version 0.31-a0-185-g9dded2c639 (webtiles) character file.

Game seed: 1681036994229726081

37 qw the Shooter (level 3, -2/20 HPs)
             Began as a Deep Elf Hunter on June 22, 2023.
             Slain by Sigmund
             ... wielding a +0 scythe
              (10 damage)
             ... on level 2 of the Dungeon.
             The game lasted 00:00:27 (959 turns).

qw the Shooter (Deep Elf Hunter)                     Turns: 959, Time: 00:00:28

Health: -2/20      AC:  5    Str: 10    XL:     3   Next: 21%
Magic:  5/5        EV: 11    Int: 13    God:
Gold:   24         SH:  0    Dex: 18    Spells: 2/2 levels left

rFire   . . .        Y - +1 shortbow
rCold   + . .        (shield currently unavailable)
rNeg    . . .        g - +0 ring mail
rPois   .            (no helmet)
rElec   .            (no cloak)
rCorr   .            (no gloves)
SInv    +            (no boots)
Will    .....        (no amulet)
Stlth   +            d - ring of protection from cold
HPRegen 0.23/turn    l - ring of see invisible
MPRegen 0.09/turn

%: no passive effects
@: no status effects
A: no striking features
a: no special abilities


You were on level 2 of the Dungeon.
You visited 1 branch of the dungeon, and saw 2 of its levels.

You collected 24 gold pieces.


   Skills:
 - Level 1.5 Fighting
 + Level 6.8 Ranged Weapons
 - Level 2.4 Dodging
 - Level 1.2 Stealth


You had 2 spell levels left.
You didn't know any spells.
Your spell library was empty.

Inventory:

Hand Weapons
 Y - a +1 shortbow (weapon)
Armour
 g - a +0 ring mail (worn)
Jewellery
 d - a ring of protection from cold (left hand)
 l - a ring of see invisible (right hand)
Scrolls
 i - a scroll of identify
Potions
 h - a potion of brilliance {unknown}

Dungeon Overview and Level Annotations

Branches:
Dungeon (2/15)

Altars:

Shops:
D:1 [

Annotations:
D:2 Sigmund


Message History

Where to? (* - list waypoints, Enter - D:2, ? - help)
What level of the Dungeon? (default 1, ? - help)
You climb downwards.
Level annotation: Sigmund
There is a stone staircase leading up here.
Found 15 gold pieces.
You shoot an arrow. The arrow closely misses Sigmund.
You shoot an arrow. The arrow closely misses Sigmund.
You shoot an arrow. The arrow hits Sigmund.
Sigmund is moderately wounded.
You shoot an arrow. The arrow barely misses Sigmund.
Sigmund closely misses you.
You shoot an arrow. The arrow barely misses Sigmund.
Sigmund barely misses you.
You shoot an arrow. The arrow barely misses Sigmund.
You shoot an arrow.
The arrow hits Sigmund but does no damage.
Sigmund is moderately wounded.
Sigmund gestures at you while chanting.
You are confused.
Sigmund casts a spell at you. You resist with some effort.
956 ||| DRINKING potion of curing.
You feel better.
956 ||| (to cure confusion)
The goblin barely misses you.
Sigmund points at you and mumbles some strange words.
The puff of flame misses you.
You shoot an arrow.
The arrow hits the goblin but does no damage.
The goblin hits you with a +0 club. Sigmund gestures at you while chanting.
The puff of flame hits you!
You shoot an arrow. The arrow barely misses the goblin.
The goblin hits you but does no damage.
Sigmund hits you from afar with a +0 scythe.
You shoot an arrow. The arrow hits the goblin!
You kill the goblin!
Sigmund hits you from afar with a +0 scythe!
Ouch! That really hurt!
You die...

#### .... .....
..... ..$. #.@#
.#. ##..###
#....
##...@)#.....#
#.>..)<%......
#..............
#..............
................
................
............!.>.
$...............
...............


You could see Sigmund (invisible).

Vanquished Creatures
  2 dart slugs (D:1)
  4 ball pythons
  5 bats (D:1)
  4 endoplasms (D:1)
  2 giant cockroaches
  2 goblins
  A hobgoblin (D:1)
  4 kobolds
  A quokka (D:1)
  3 frilled lizards (D:1)
  A rat (D:1)
29 creatures vanquished.

Notes
Turn   | Place    | Note
-------+----------+-------------------------------------------
     0 | D:1      | qw the Deep Elf Hunter began the quest for the Orb.
     0 | D:1      | Reached XP level 1. HP: 12/12 MP: 3/3
     0 | D:1      | 0 ||| qw: Version: 0.3-a-9-g12657ce
     0 | D:1      | 0 ||| qw: Game counter: 1852
     0 | D:1      | 0 ||| qw: Always use a shield: true
     0 | D:1      | 0 ||| qw: God list: Okawaru
     0 | D:1      | 0 ||| qw: Allow faded altars: false
     0 | D:1      | 0 ||| qw: Do Orc after D:15 true
     0 | D:1      | 0 ||| qw: Do second Lair branch before Depths: true
     0 | D:1      | 0 ||| qw: Lair rune preference: random
     0 | D:1      | 0 ||| qw: Plans: Normal
     0 | D:1      | 0 ||| PLANNING D:1-11
    62 | D:1      | Found Dyumi's Antique Armour Boutique.
    82 | D:1      | 82 ||| SHOPLISTING helmet (108 gold, have 0).
    82 | D:1      | 82 ||| SHOPLISTING pair of gloves (108 gold, have 0).
    82 | D:1      | 82 ||| SHOPLISTING ring mail (96 gold, have 0).
    82 | D:1      | 82 ||| SHOPLISTING scale mail (96 gold, have 0).
   136 | D:1      | Reached skill level 6 in Ranged Weapons
   136 | D:1      | Reached XP level 2. HP: 16/16 MP: 4/4
   597 | D:1      | Reached XP level 3. HP: 20/20 MP: 5/5
   762 | D:1      | 762 ||| UPGRADING to +0 ring mail.
   772 | D:1      | 772 ||| DROPPING +0 leather armour.
   773 | D:1      | 773 ||| UPGRADING to ring of protection from cold.
   774 | D:1      | 774 ||| UPGRADING to ring of see invisible.
   775 | D:1      | 775 ||| READING scroll labelled CEOLEOLELE.
   776 | D:1      | 776 ||| READING 3 scrolls labelled SUABUA FAIS.
   777 | D:1      | 777 ||| READING scroll labelled VESAMU KUOREIN.
   878 | D:1      | 878 ||| READING scroll labelled ODYFEU HOHIECWOP.
   879 | D:1      | 879 ||| READING 2 scrolls of identify.
   879 | D:1      | 879 ||| IDENTIFYING yellow potion
   880 | D:1      | 880 ||| DROPPING scroll of butterflies.
   926 | D:2      | Noticed Sigmund
   940 | D:2      | 940 ||| STAIRDANCE
   956 | D:2      | 956 ||| DRINKING potion of curing.
   956 | D:2      | 956 ||| (to cure confusion)
   959 | D:2      | Slain by Sigmund

Levels and vault maps discovered:
D:1:      dpeg_arrival_round_b, layout_basic, serial_shops,
          nicolae_shop_advertising_works [nicolae_subvault_shop_adworks],
          amcnicky_mini_rare_corridor_liquid, columned_hall_lemuel,
          minmay_stone_trees_medium
D:2:      layout_rooms, uniq_sigmund, uniq_robin

Skill      XL: |  1 |
---------------+----+-----
Ranged Weapons | 6 |  6.8
Fighting       | |  1.5
Dodging        | |  2.4
Stealth        | |  1.2

Action                     || total
---------------------------++-------
   Fire: Shortbow          ||   106
    Use: Scroll            ||     5
         Potion            ||     1
 Armour: Leather armour    ||     7
         Ring mail         ||     6
  Dodge: Dodged            ||    40

Table legend:
 A = Non-vault XP
 B = Vault XP
 C = Vault XP percentage of total XP
 D = Non-vault monster count
 E = Vault monster count
 F = Vault count percentage of total count
                 A         B        C        D         E       F
            +---------+---------+-------+---------+---------+-------
      Total |      55 |       0 |   0.0 |      29 |       0 |   0.0
            +---------+---------+-------+---------+---------+-------
        D:1 |      47 |       0 |   0.0 |      25 |       0 |   0.0
        D:2 |       8 |       0 |   0.0 |       4 |       0 |   0.0
            +---------+---------+-------+---------+---------+-------
